 Dungeon Crawl Stone Soup version 0.20-a0-738-gb057e68 (webtiles) character file.

13354 polly the Grappler (level 11, -3/78 HPs)
             Began as a Demonspawn Gladiator on Feb 23, 2017.
             Was a High Priest of Okawaru.
             Slain by a skeletal warrior
             ... wielding a +0 scimitar
              (17 damage)
             ... on level 10 of the Dungeon.
             The game lasted 00:19:14 (13331 turns).

polly the Grappler (Demonspawn Gladiator)          Turns: 13331, Time: 00:19:15

Health: -3/78      AC: 13    Str: 19    XL:     11   Next: 74%
Magic:  11/11      EV:  7    Int:  9    God:    Okawaru [*****.]
Gold:   674        SH:  0    Dex: 14    Spells: 10/10 levels left

rFire    + . .     SeeInvis .     - Unarmed
rCold    . . .     Gourm    .   v - +0 plate armour
rNeg     . . .     Faith    .   (no shield)
rPois    +         Spirit   .   (helmet restricted)
rElec    .         Reflect  .   (no cloak)
rCorr    .         Harm     .   (no gloves)
MR       .....                  (no boots)
Stlth    ..........             (no amulet)
Regen    0.3/turn               z - ring of protection from fire
MPRegen  0.2/turn               n - ring of poison resistance

@: drained
A: antennae 2, claws 2, hooves 2, powered by pain 1
a: Heroism, Finesse, Renounce Religion


You were on level 10 of the Dungeon.
You worshipped Okawaru.
Okawaru was extremely pleased with you.
You were not hungry.

You visited 1 branch of the dungeon, and saw 11 of its levels.

You collected 674 gold pieces.

Inventory:

Armour
 v - a +0 plate armour (worn)
Jewellery
 n - a ring of poison resistance (left claw)
 z - a ring of protection from fire (right claw)
Wands
 y - a wand of iceblast (8/15)
 B - a wand of iceblast (7/15)
Scrolls
 c - 4 scrolls of enchant armour {unknown}
 d - a scroll of fear {unknown}
 g - a scroll of identify
 h - 2 scrolls of amnesia {unknown}
 i - 5 scrolls of magic mapping
 k - 2 scrolls of enchant weapon {unknown}
 l - a scroll of fog {unknown}
 m - a scroll of recharging {unknown}
 q - 2 scrolls of teleportation {unknown}
 t - 5 scrolls of remove curse {unknown}
 u - 2 scrolls of immolation {unknown}
 x - 2 scrolls of blinking {unknown}
Potions
 b - a potion of haste {unknown}
 e - a potion of flight
 p - 3 potions of agility
 r - a potion of brilliance
 w - 2 potions of might
Comestibles
 a - 4 royal jellies
 f - 8 bread rations
 j - 6 meat rations
 A - 11 fruits


   Skills:
 + Level 4.7(4.1) Fighting
   Level 2.8(2.3) Long Blades
 + Level 2.4(1.9) Throwing
 + Level 7.9(7.3) Armour
 + Level 3.9(3.3) Dodging
 + Level 1.7(1.2) Stealth
 * Level 13.9(13.2) Unarmed Combat


You had 10 spell levels left.
You didn't know any spells.

Dungeon Overview and Level Annotations

Branches:
Dungeon (11/15)            Temple (0/1) D:6            Lair (0/6) D:8
    Orc (0/2) D:10

Altars:
Cheibriados
Dithmenos
Fedhas
Kikubaaqudgha
Nemelex Xobeh
Okawaru
Trog
Uskayaw
Vehumet
Yredelemnul
Zin

Shops:
D:8 [   D:9 [

Annotations:
D:10 ImbarsBidbib's ghost, journeyman MfGl


Innate Abilities, Weirdness & Mutations

You have a pair of antennae on your head.
You have very sharp fingernails.
You have hoof-like feet.
You sometimes gain a little power by taking damage.


Message History

You are too injured to fight recklessly!
The centaur warrior wields an uncursed shortbow.
The centaur warrior shoots an arrow.
The arrow hits you!
There is an open door, spattered with blood here.
You see here 2 arrows.
The centaur warrior moves out of view.
You see here an arrow.
The centaur warrior shoots an arrow.
The arrow hits you.
* * * LOW HITPOINT WARNING * * *
There is a stone staircase leading up, spattered with blood here.
You see here an arrow.
The skeletal warrior hits you with a scimitar!!
* * * LOW HITPOINT WARNING * * *
You climb upwards.
Level annotation: ImbarsBidbib's ghost, journeyman MfGl
There is a stone staircase leading down here.
Unknown command.
You feel better.
The skeletal warrior hits you with a scimitar!
You die...

#.#####.......# #.
#.........>...##########!
########.#######...##...[
#.................
#.#######...##.... #.#
#...##....
##.#######...######
#......#....#####..
#.@....'...........
#z.....#....#####..
#......#...........
#......#...........
#......#..........#
#......#....[.....#
#......#####....(.#
######## #......#
#......#


You could see a skeletal warrior.

Vanquished Creatures
  2 two-headed ogres
  5 skeletal warriors
  Pikel (D:5)
  A deep elf mage (D:11)
  A komodo dragon (D:10)
  A troll (D:10)
  Grinder (D:5)
  A hippogriff (D:9)
  Sigmund (D:3)
  A spriggan (D:11)
  2 wraiths (D:8)
  3 basilisks (D:8)
  A hungry ghost (D:7)
  3 yaks (D:8)
  A human (D:7)
  Eustachio (D:5)
  2 water moccasins
  A soldier ant (D:10)
  A porcupine (D:8)
  A slave (D:5)
  3 necrophages
  2 orc warriors
  3 ice beasts
  A black bear (D:10)
  2 sky beasts (D:10)
  7 ogres
  5 centaurs
  3 crocodiles
  The ghost of domi the Firebug, an amateur GrFE (D:4)
  5 bullfrogs
  A wyvern zombie (D:8)
  4 scorpions
  3 killer bees
  The ghost of tbh1313 the Insei, a weakling DsMo (D:3)
  2 howler monkeys
  5 wights (D:11)
  3 crimson imps
  5 bullfrog zombies
  A quasit (D:8)
  2 centaur skeletons
  A gnoll shaman (D:8)
  3 orc priests
  10 bullfrog skeletons
  10 hounds
  3 jellies
  5 orc wizards
  7 human zombies
  2 iguanas (D:4)
  2 worker ants
  A hound skeleton (D:10)
  3 mummies (D:8)
  A howler monkey zombie (D:7)
  3 gnolls (D:8)
  14 adders
  4 shadow imps
  An adder skeleton (D:9)
  2 worms (D:2)
  A dart slug (D:1)
  A leopard gecko (D:6)
  26 orcs
  2 ball pythons
  4 giant cockroaches
  2 gnoll zombies (D:5)
  8 goblins
  3 hobgoblins
  15 jackals
  11 kobolds
  7 quokkas
  9 bats
  5 frilled lizards
  A jackal zombie (D:6)
  An orc zombie (D:8)
  3 rats
261 creatures vanquished.

Vanquished Creatures (others)
  A slave (D:6)
  An orc (D:6)
  A plant (D:9)
3 creatures vanquished.

Grand Total: 264 creatures vanquished

Notes
Turn   | Place    | Note
-------+----------+-------------------------------------------
     0 | D:1      | polly the Demonspawn Gladiator began the quest for the Orb.
     0 | D:1      | Reached XP level 1. HP: 16/16 MP: 1/1
   145 | D:1      | Gained mutation: You have sharp fingernails. [demonic ancestry]
   145 | D:1      | Reached XP level 2. HP: 17/22 MP: 2/2
  1065 | D:2      | Reached XP level 3. HP: 15/27 MP: 3/3
  1355 | D:2      | Reached skill level 1 in Unarmed Combat
  1921 | D:3      | Noticed Sigmund
  2390 | D:3      | Killed Sigmund
  2390 | D:3      | Reached skill level 1 in Armour
  2390 | D:3      | Reached skill level 1 in Stealth
  2390 | D:3      | Reached skill level 3 in Unarmed Combat
  2390 | D:3      | Reached XP level 4. HP: 30/34 MP: 4/4
  2390 | D:3      | Gained mutation: You have large cloven feet. [demonic ancestry]
  2390 | D:3      | Reached XP level 5. HP: 35/39 MP: 5/5
  2846 | D:3      | Noticed tbh1313's ghost (weakling DsMo)
  2865 | D:3      | Killed tbh1313's ghost
  2865 | D:3      | Gained mutation: You have a pair of small antennae on your head. [demonic ancestry]
  2865 | D:3      | Reached XP level 6. HP: 27/46 MP: 6/6
  2936 | D:4      | Found a glowing silver altar of Zin.
  3004 | D:4      | Reached skill level 4 in Unarmed Combat
  3301 | D:4      | Noticed domi's ghost (amateur GrFE)
  3745 | D:4      | Killed domi's ghost
  3745 | D:4      | Reached XP level 7. HP: 42/51 MP: 7/7
  3918 | D:4      | Reached skill level 5 in Unarmed Combat
  4389 | D:5      | Entered Level 5 of the Dungeon
  4455 | D:5      | Noticed Eustachio
  4477 | D:5      | Killed Eustachio
  4477 | D:5      | Reached skill level 6 in Unarmed Combat
  4611 | D:5      | Noticed Pikel
  4627 | D:5      | Gained mutation: You have very sharp fingernails. [demonic ancestry]
  4627 | D:5      | Reached XP level 8. HP: 46/57 MP: 8/8
  4641 | D:5      | Killed Pikel
  4641 | D:5      | Reached skill level 7 in Unarmed Combat
  4953 | D:5      | Noticed Grinder
  4965 | D:5      | Killed Grinder
  4965 | D:5      | Reached skill level 8 in Unarmed Combat
  5270 | D:5      | Found a basalt altar of Yredelemnul.
  5520 | D:6      | Gained mutation: You have hoof-like feet. [demonic ancestry]
  5520 | D:6      | Reached XP level 9. HP: 55/64 MP: 9/9
  5600 | D:6      | Reached skill level 9 in Unarmed Combat
  5777 | D:6      | Found a bloodstained altar of Trog.
  5777 | D:6      | Found a sparkling altar of Nemelex Xobeh.
  5777 | D:6      | Found a snail-covered altar of Cheibriados.
  5777 | D:6      | Found a bloodstained altar of Trog.
  5778 | D:6      | Found a radiant altar of Vehumet.
  5778 | D:6      | Found an iron altar of Okawaru.
  5778 | D:6      | Found a shadowy altar of Dithmenos.
  5779 | D:6      | Found a radiant altar of Vehumet.
  5779 | D:6      | Found a snail-covered altar of Cheibriados.
  5779 | D:6      | Found a radiant altar of Vehumet.
  5779 | D:6      | Found a sparkling altar of Nemelex Xobeh.
  5779 | D:6      | Found a hide-covered altar of Uskayaw.
  5788 | D:6      | Became a worshipper of Warmaster Okawaru
  5790 | D:6      | Found a staircase to the Ecumenical Temple.
  6319 | D:7      | Found a sparkling altar of Nemelex Xobeh.
  6708 | D:7      | Found a runed door.
  6712 | D:7      | Found a basalt altar of Yredelemnul.
  7022 | D:8      | Reached skill level 5 in Armour
  7036 | D:8      | Reached skill level 10 in Unarmed Combat
  7178 | D:8      | Reached * piety under Okawaru
  7278 | D:8      | HP: 2/65 [basilisk (4)]
  7737 | D:8      | Found an ancient bone altar of Kikubaaqudgha.
  7761 | D:8      | Gained mutation: You have a pair of antennae on your head. [demonic ancestry]
  7761 | D:8      | Reached XP level 10. HP: 51/71 MP: 10/10
  7769 | D:8      | Reached ** piety under Okawaru
  8038 | D:8      | Reached skill level 11 in Unarmed Combat
  8039 | D:8      | Found a staircase to the Lair.
  8393 | D:8      | Found Ether's Antique Armour Shoppe.
  8498 | D:8      | Noticed a two-headed ogre
  8510 | D:8      | Killed a two-headed ogre
  8510 | D:8      | Reached *** piety under Okawaru
  9096 | D:9      | Found Byuleed's Antique Armour Boutique.
  9103 | D:9      | Reached skill level 12 in Unarmed Combat
  9773 | D:10     | Entered Level 10 of the Dungeon
 10088 | D:10     | Found a staircase to the Orcish Mines.
 10090 | D:10     | Noticed ImbarsBidbib's ghost (journeyman MfGl)
 10148 | D:10     | HP: 1/72 [ImbarsBidbib's ghost (17)]
 10695 | D:10     | Reached **** piety under Okawaru
 10711 | D:10     | Noticed a two-headed ogre
 10716 | D:10     | Killed a two-headed ogre
 10716 | D:10     | Gained mutation: You sometimes gain a little power by taking damage. [demonic ancestry]
 10716 | D:10     | Reached XP level 11. HP: 35/78 MP: 11/11
 11185 | D:10     | Reached ***** piety under Okawaru
 11185 | D:10     | Reached skill level 13 in Unarmed Combat
 11522 | D:11     | Noticed a skeletal warrior
 11604 | D:11     | Noticed a skeletal warrior
 11845 | D:10     | Killed a skeletal warrior
 12026 | D:11     | Noticed a skeletal warrior
 12049 | D:10     | Killed a skeletal warrior
 12297 | D:11     | Noticed a skeletal warrior
 12307 | D:10     | Killed a skeletal warrior
 12447 | D:10     | Killed a skeletal warrior
 12702 | D:11     | Noticed a skeletal warrior
 12722 | D:11     | Killed a skeletal warrior
 12932 | D:11     | Found a blossoming altar of Fedhas.
 13234 | D:11     | Noticed a deep elf mage
 13240 | D:11     | Killed a deep elf mage
 13240 | D:11     | Received a gift from Okawaru
 13313 | D:11     | Noticed a centaur warrior
 13315 | D:11     | Noticed a skeletal warrior
 13329 | D:11     | HP: 2/78 [skeletal warrior/scimitar (18)]
 13331 | D:10     | Slain by a skeletal warrior

Vault maps used:
D:1:      dpeg_arrival_tiny_a, serial_glass, glass_columns_b, glass_columns_a,
          glass_columns_c, minmay_strange_pillars, due_unseen_surprise,
          item_on_display_b, minmay_strange_pillars, minivault_27
D:2:      first_bread
D:3:      uniq_sigmund
D:4:      overflow_temple_1_default
D:5:      cheibrodos_helix_gallery, lemuel_zombie_altar_yredelemnul,
          minmay_misc_feat_rows, uniq_pikel, uniq_grinder, uniq_eustachio
D:6:      temple_doors_ab
D:7:      nicolae_overflow_crystal_walls, dk_yredelemnul_ordeal
D:8:      lemuel_mausoleum_altar_kikubaaqudgha, minmay_lair_entry_grove,
          serial_shops, nicolae_shop_overgrown_old_shop
D:9:      serial_shops, nicolae_shop_overgrown_old_shop
D:10:     orc_0_dummy
D:11:     minmay_sliced_demisemicircle, portal_ice_cave_entry_pillars_2,
          hangedman_stone_soup, fedhas_altar_3

Skill      XL: |  1  2  3  4  5  6  7  8  9 10 11 |
---------------+----------------------------------+-----
Dodging        | 3 |  3.9
Throwing       | 2 |  2.4
Unarmed Combat | 3 4 6 8 10 12 13 | 13.9
Armour         | 1 2 3 4 5 6 7 |  7.9
Stealth        | 1 |  1.7
Fighting       | 3 4 |  4.7
Long Blades    | |  2.8

Action                   |  1- 3 |  4- 6 |  7- 9 | 10-12 || total
-------------------------+-------+-------+-------+-------++-------
Melee: Long sword        |    17 |       |       |       ||    17
       Unarmed           |   172 |   148 |   401 |   435 ||  1156
       Kick              |       |    37 |   104 |   118 ||   259
       Punch             |       |       |    10 |    19 ||    29
Throw: Throwing net      |     2 |     3 |     2 |     3 ||    10
  Use: Scroll            |       |       |       |     9 ||     9
       Potion            |       |       |       |     6 ||     6
 Stab: Sleeping          |     1 |       |       |       ||     1
       Held in net/web   |     3 |     1 |     2 |     4 ||    10
  Eat: Chunk             |     3 |     2 |    11 |    17 ||    33
       Fruit             |     1 |       |     4 |     1 ||     6
       Royal jelly       |       |     1 |     1 |       ||     2
Armor: Leather armour    |    13 |       |       |       ||    13
       Chain mail        |    82 |    64 |       |       ||   146
       Plate armour      |       |    32 |   232 |   191 ||   455
Dodge: Dodged            |    90 |    64 |   127 |   115 ||   396
       Rpst.: Long sword |     2 |       |       |       ||     2
